cohdb
Replays
Latest Replays
All Replays
Popular Replays
Top Player Replays
Match Explorer
How It Works
Community
CoH3 Stats
Reddit
Sign in to upload your games and track your stats! →
Sign in with Steam
Match 47612963
Unlisted
Match 47612963
Overview
Messages
Build Orders
End
Construct Section Command Post
Royal Engineer Section
Selects Canadian Shock Battlegroup
Infantry Section
Vickers Machine Gun Team
Infantry Section
Construct Platoon Command Post
Humber Armored Car
Selects Attacking Spirit
Construct Field Infirmary
Unlock M3 Stuart Light Tanks
Infantry Training
Selects Canadian Shock Section
Selects Incendiary Munitions
M3 Stuart Light Tank
Canadian Shock Section
Grenade Package
Selects Pyrotechnics
M3 Stuart Light Tank
Max1boy
SneaKerz
Fav
Kingcastle
0
0
Comments
sign in to comment!
No comments posted yet!